AoeStats
← Drysoup

Arabia

508843048Analyzed
2v2 RM · 7d ago on Sep 24, 2026· 45m 16s· 4 players
Game mode
Random Map
Map size
Medium (4 player)
Population
200
Speed
Normal
Resources
Standard
Victory
Conquest
Starting age
Dark Age
Ending age
Imperial Age
RankedLock teamsTeams togetherTeam positionsShared explorationLock speedFull tech treeHidden civsTurbo modeCheats
Victory
Defeat
🇦🇺 Hindustanis · Australia
1254
+17
🇺🇸 Persians · United States
1238
+17
🇨🇳 Varangians · China
1270
-17
🇨🇳 Danes · China
1268
-17
Drysoup
6:21 Loom
9:04 Feudal Age
10:53 Double-Bit Axe
22:48 Castle Age
21:34 Bloodlines
21:58 Scale Barding Armor
21:58 Horse Collar
22:54 Gold Mining
23:27 Forging
22:58 Light Cavalry
23:40 Husbandry
30:00 Wheelbarrow
35:32 Chain Barding Armor
35:54 Bow Saw
37:10 Iron Casting
40:01 Imperial Age
39:40 Fletching
40:34 Hussar
42:15 Blast Furnace
43:31 Plate Barding Armor
44:55 Conscription
海豚漫步
5:36 Loom
5:56 Loom
6:09 Loom
8:56 Feudal Age
13:17 Bloodlines
21:33 Castle Age
20:19 Double-Bit Axe
22:19 Scale Barding Armor
22:07 Light Cavalry
22:53 Horse Collar
23:57 Chain Barding Armor
35:05 Heavy Plow
36:20 Husbandry
42:16 Imperial Age
40:49 Fervor
41:53 Cavalier
42:31 Town Watch
43:22 Wheelbarrow
43:16 Savar
44:35 Plate Barding Armor
43:51 Fletching
OOM
6:16 Loom
9:17 Feudal Age
9:49 Double-Bit Axe
12:11 Horse Collar
20:52 Fletching
24:44 Castle Age
23:04 Gold Mining
24:22 Padded Archer Armor
25:43 Bow Saw
25:08 Crossbowman
25:45 Bodkin Arrow
41:40 Ballistics
42:16 Wheelbarrow
41:55 Pikeman
47:47 Imperial Age
45:33 Hand Cart
45:44 Scale Mail Armor
45:54 Forging
Anthony
5:34 Loom
8:33 Feudal Age
14:29 Bloodlines
15:06 Double-Bit Axe
17:03 Horse Collar
18:46 Wheelbarrow
22:38 Castle Age
20:47 Town Watch
22:18 Forging
22:14 Scale Barding Armor
22:42 Light Cavalry
23:23 Husbandry
24:00 Iron Casting
25:34 Chain Barding Armor
41:59 Bow Saw
45:59 Hand Cart
Connection lost

Rejoining the realm…

Still unreachable

The connection could not be restored.

Session expired

The server has moved on; the page needs a fresh start.